 Dungeon Sprint DCSS version 0.17-a0-1718-g72dbe4d (webtiles) character file.

23 Kidiri the Sneak (level 2, -6/13 HPs)
             Began as a Spriggan Enchanter on Aug 25, 2015.
             Was a Believer of Dithmenos.
             Mangled by a phantom (9 damage)
             ... in the Dungeon (Sprint VII: "The Pits").
             The game lasted 00:01:52 (310 turns).

Kidiri the Sneak (Spriggan Enchanter)                Turns: 310, Time: 00:01:52

Health: -6/13      AC:  3    Str:  4    XL:     2   Next: 75%
Magic:  6/7        EV: 20    Int: 16    God:    Dithmenos [**....]
Gold:   0          SH:  0    Dex: 16    Spells: 2 memorised, 5 levels left

rFire  . . .     SeeInvis +     o - +2 dagger
rCold  . . .     Clarity  .     b - +1 robe
rNeg   . . .     SustAt   .     (shield restricted)
rPois  .         Gourm    .     (helmet restricted)
rElec  .         Spirit   .     (no cloak)
rCorr  .         Warding  .     (gloves unavailable)
rMut   .         NoTele   +     (boots unavailable)
MR     .....                    (no amulet)
Stlth  ++++......               (no ring)
                                (no ring)

@: very slightly contaminated, hasted, wreathed by umbra, very quick, not
resistant to hostile enchantments, stealthy
A: unfitting armour, see invisible, herbivore 3, speed 3, slow metabolism 2
a: Shadow Step, Renounce Religion


You were in the Dungeon.
You worshipped Dithmenos.
Dithmenos was pleased with you.
You were not hungry.

You visited 1 branch

Inventory:

Hand weapons
 o - a +2 dagger (weapon)
Armour
 b - a +1 robe (worn)
Scrolls
 j - a scroll of blinking
 l - 3 scrolls of remove curse
 m - 5 scrolls of amnesia
 n - a scroll of summoning
Potions
 e - 2 potions of invisibility
 h - 4 potions of magic
 i - 3 potions of berserk rage
Books
 c - a book of Maledictions

   Spells                             Type                      Level
   a - Corona                         Hexes                        1
   b - Ensorcelled Hibernation        Hexes/Ice                    2
   c - Confuse                        Hexes                        3
   d - Tukima's Dance                 Hexes                        3
   e - Dazzling Spray                 Conjuration/Hexes            3
Comestibles
 d - 8 bread rations
 k - 40 fruits


   Skills:
 + Level 2.5 Short Blades
 * Level 4.9 Dodging
 * Level 5.7 Stealth
 * Level 3.9 Spellcasting
 + Level 4.1 Hexes
 + Level 0.4 Ice Magic
 + Level 1.5 Invocations


You had 5 spell levels left.
You knew the following spells:

 Your Spells              Type           Power        Failure   Level  Hunger
a - Corona                Hex            ###....      3%          1    None
b - Ensorcelled Hibernat  Hex/Ice        ##....       12%         2    ##.....


Dungeon Overview and Level Annotations

Branches:
Dungeon (1/1)

Altars:
Ashenzari
Cheibriados
Dithmenos
Elyvilon
Fedhas
Gozag
Kikubaaqudgha
Makhleb
Nemelex Xobeh
Okawaru
Qazlal
Ru
Sif Muna
Trog
Vehumet
Xom
Yredelemnul
Zin
The Shining One
Beogh
Jiyva
Lugonu


Innate Abilities, Weirdness & Mutations

You are tiny and cannot use many weapons and most armour.
You have supernaturally acute eyesight.
You are a herbivore.
You cover ground extremely quickly.
You need consume almost no food.


Message History

Aim: a phantom (heavily damaged, umbra, chance to defeat MR: 36%)
The phantom is outlined in light.
You completely miss the phantom.
The phantom is heavily damaged.
The phantom completely misses you.
You hit the phantom.
The phantom is heavily damaged.
You hit the phantom.
The phantom is heavily damaged.
The phantom blinks!
You are too injured to fight recklessly!
You are too injured to fight recklessly!
You are too injured to fight recklessly!
You are too injured to fight recklessly!
The phantom barely misses you.
You closely miss the phantom.
The phantom is heavily damaged.
The phantom hits you!
Ouch! That really hurt!
You die...

#__________#
#.#####+#############
#_#)))+.+%.##........
#_#)))#.#?(##......#.
#######+#####%.......
#...........%%.......
#+#####'#####......#.
#W..#.# #........
#.@.#.# ####+####
#...'.# #.......#
##)#### #.......#
#.....# #.......#
#.....# #...<...#
#.....W. #.......#
#........##.......#
###########.......#
#########


You could see a phantom.

Vanquished Creatures
  A gnoll (D)
  An adder zombie (D)
  An orc (D)
  A giant cockroach (D)
  4 jackals (D)
  A quokka (D)
  A bat (D)
  A giant newt (D)
11 creatures vanquished.

Notes
Turn   | Place    | Note
--------------------------------------------------------------
     0 | D        | Kidiri the Spriggan Enchanter began the quest for the Orb.
     0 | D        | Reached XP level 1. HP: 9/9 MP: 5/5
    99 | D        | Found a sacrificial altar of Ru.
    99 | D        | Found a basalt altar of Yredelemnul.
    99 | D        | Found a shadowy altar of Dithmenos.
    99 | D        | Found a deep blue altar of Sif Muna.
    99 | D        | Found a burning altar of Makhleb.
    99 | D        | Found a shimmering altar of Xom.
    99 | D        | Found an ancient bone altar of Kikubaaqudgha.
    99 | D        | Found a sparkling altar of Nemelex Xobeh.
   100 | D        | Found a glowing golden altar of the Shining One.
   100 | D        | Found a bloodstained altar of Trog.
   100 | D        | Found a shattered altar of Ashenzari.
   100 | D        | Found a white marble altar of Elyvilon.
   100 | D        | Found a snail-covered altar of Cheibriados.
   100 | D        | Found a blossoming altar of Fedhas.
   100 | D        | Found a radiant altar of Vehumet.
   100 | D        | Found a glowing silver altar of Zin.
   100 | D        | Found a corrupted altar of Lugonu.
   100 | D        | Found a viscous altar of Jiyva.
   100 | D        | Found a roughly hewn altar of Beogh.
   100 | D        | Found an iron altar of Okawaru.
   106 | D        | Found a stormy altar of Qazlal.
   107 | D        | Found an opulent altar of Gozag.
   115 | D        | Became a worshipper of Dithmenos the Shadowed
   125 | D        | Reached skill level 5 in Stealth
   130 | D        | Reached XP level 2. HP: 13/13 MP: 7/7
   134 | D        | Learned a level 2 spell: Ensorcelled Hibernation
   139 | D        | Reached skill level 1 in Invocations
   241 | D        | Acquired Dithmenos's first power
   245 | D        | Noticed a phantom
   310 | D        | Mangled by a phantom

Vault maps used:
D:        pitsprint

Action                   || total
-------------------------++-------
Melee: Dagger            ||    61
 Cast: Corona            ||     2
       Ensorcelled Hiber ||     1
  Use: Potion            ||     3
 Stab: Sleeping          ||     3
